Map: Magannatha LE

Players

ManlyManMeat - Winner!

  • Race: Zerg Zerg
  • League: Master
  • Spawn Location: 5:00

VirtualState

  • Race: Terran Terran
  • League: Platinum
  • Spawn Location: 11:00

VOD

Have the link to the VOD?

Description

Time

  • Played on: June 18, 2025, 12:16 p.m.
  • Length: 25:19
Show
View Real Time Build Order
Export as new Build Order

ManlyManMeat Zerg - Winner!

Build Orders: Hatch First 

Get SALT Encoding   

  12  0:00  Drone  
  13  0:12  Overlord  
  13  0:17  Drone  
  14  0:31  Drone x2  
  16  0:36  Drone  
  17  0:51  Hatchery  
  17  0:54  Drone  
  17  1:03  Drone  
  18  1:12  Spawning Pool  
  18  1:14  Extractor  
  18  1:17  Drone  
  17  1:21  Drone  
  18  1:30  Drone  
  19  1:51  Drone x2  
  21  1:59  Queen  
  22  2:03  Queen  
  22  2:04  Zergling x4  
  26  2:16  Overlord  
  26  2:17  Drone  
  26  2:18  Metabolic Boost  
  27  2:28  Drone  
  27  2:29  Overlord  
  28  2:35  Drone  
  29  2:41  Queen  
  31  2:47  Drone  
  31  2:48  Drone  
  33  2:55  Drone x2  
  35  3:01  Drone  
  36  3:07  Overlord  
  36  3:08  Drone  
  37  3:21  Drone x3  
  37  3:22  Hatchery  
  39  3:31  Zergling x10  
  44  3:41  Baneling Nest  
  43  3:45  Queen  
  43  3:47  Queen  
  47  3:58  Overlord x2  
  47  3:59  Drone x2  
  49  4:06  Evolution Chamber  
  49  4:09  Evolution Chamber  
  47  4:18  Zergling x10  
  52  4:32  Zergling x2  
  52  4:33  Zergling x10  
  58  4:42  Baneling x4  
  57  4:48  Extractor  
  56  5:02  Zergling x4  
  56  5:03  Zergling x14  
  56  5:26  Zergling x10  
  45  5:42  Zergling x2  
  45  5:43  Zergling x10  
  50  5:50  Zergling x4  
  52  5:59  Zergling x4  
  52  6:03  Baneling x6  
  54  6:10  Overlord  
  54  6:29  Overlord x2  
  54  6:35  Hatchery x2  
  52  6:44  Zergling x16  
  60  6:51  Zergling x2  
  60  6:52  Zergling x4  
  58  7:32  Zergling x2  
  58  7:33  Zergling x22  
  70  7:46  Hatchery  
  70  7:48  Hatchery  
  68  7:58  Zerg Melee Weapons Level 1, Zerg Ground Armor Level 1  
  67  8:02  Spore Crawler  
  67  8:03  Spore Crawler  
  67  8:04  Spore Crawler  
  64  8:06  Drone x3, Spore Crawler  
  64  8:07  Drone  
  67  8:18  Lair  
  67  8:30  Drone x3  
  67  8:32  Extractor x2  
  67  8:33  Drone x3  
  71  8:44  Drone x2  
  73  8:48  Zergling x6  
  73  8:49  Zergling x8  
  73  8:51  Baneling x6  
  80  9:07  Drone x4  
  80  9:08  Drone x6  
  88  9:22  Queen  
  90  9:25  Baneling  
  90  9:26  Baneling x5  
  90  9:48  Drone x2  
  90  9:49  Overlord x2  
  92  10:07  Overlord x4  
  92  10:08  Overlord x2  
  70  10:37  Infestation Pit  
  69  10:54  Zergling x4  
  69  10:55  Zergling x16  
  69  10:56  Zergling x6  
  82  10:57  Drone x2  
  82  10:58  Drone x4  
  82  10:59  Drone x2  
  82  11:00  Drone x7  
  82  11:01  Drone  
  98  11:04  Extractor  
  98  11:05  Drone x2  
  98  11:06  Extractor  
  98  11:08  Drone  
  98  11:10  Drone  
  100  11:12  Drone  
  100  11:14  Drone  
  102  11:24  Overseer  
  102  11:32  Overseer  
  102  11:34  Overseer x3  
  102  11:35  Overseer  
  102  11:57  Infestor  
  102  11:58  Infestor x4  
  102  11:59  Infestor  
  102  12:00  Neural Parasite  
  114  12:04  Zergling x26  
  114  12:05  Zergling x8  
  131  12:44  Burrow, Zergling x2  
  131  12:45  Zergling x24, Overlord x4  
  131  12:46  Overlord  
  131  12:48  Zerg Melee Weapons Level 2, Zerg Ground Armor Level 2  
  144  12:55  Hive  
  144  13:04  Zergling x2  
  144  13:05  Zergling x16  
  153  13:07  Baneling x3  
  111  14:13  Zergling x6  
  111  14:14  Zergling x20  
  111  14:15  Infestor x5  
  111  14:16  Infestor x2  
  106  14:51  Infestor x4  
  110  14:52  Zergling x2  
  110  14:53  Zergling x30  
  126  15:07  Zergling x18  
  134  15:20  Hatchery  
  133  15:27  Hatchery  
  132  15:34  Zergling x32  
  132  15:35  Zergling x16  
  156  15:48  Baneling x11  
  156  15:54  Zergling x4  
  156  15:55  Zergling x18  
  129  16:20  Zergling x24  
  133  16:30  Spore Crawler  
  133  16:31  Spore Crawler  
  123  16:36  Zergling x38  
  137  16:44  Baneling x2  
  137  16:45  Baneling x2  
  135  16:48  Zergling x10  
  136  16:56  Drone x3  
  81  17:34  Zergling x18  
  81  17:35  Zergling x16  
  95  17:58  Drone x5  
  98  17:59  Drone x3  
  98  18:00  Drone  
  98  18:01  Drone x4  
  108  18:07  Adrenal Glands  
  85  18:38  Zergling x2  
  85  18:39  Zergling x36  
  99  18:52  Drone x2  
  99  18:55  Drone x7  
  108  19:06  Infestor x4  
  111  19:35  Drone x4, Infestor  
  111  19:36  Infestor x4  
  125  19:48  Infestor x5  
  98  20:55  Hydralisk Den  
  98  20:56  Zerg Ground Armor Level 3  
  97  20:57  Zerg Melee Weapons Level 3, Ultralisk Cavern  
  97  20:58  Zergling x4  
  97  20:59  Zergling x32  
  97  21:00  Zergling x8  
  118  21:12  Zergling x14  
  118  21:13  Zergling x4  
  118  21:14  Zergling x14  
  118  21:15  Zergling x2  
  135  21:23  Zergling x4, Infestor x2  
  135  21:24  Zergling x8  
  141  21:26  Hydralisk x3  
  141  21:27  Hydralisk x7, Infestor x10  
  141  21:32  Baneling x5  
  163  21:33  Baneling x4  
  163  21:39  Hydralisk x10  
  156  21:49  Baneling x9  
  155  22:11  Baneling x3  
  117  22:38  Zergling x30  
  117  22:39  Zergling x32  
  127  23:26  Zergling x8  
  127  23:27  Zergling x38  
  124  23:45  Zergling x14  
  124  23:46  Zergling x12  
  125  24:07  Ultralisk x3  
  140  24:20  Baneling  
  140  24:21  Baneling x15  
Show
View Real Time Build Order
Export as new Build Order

VirtualState Terran 

Build Orders: 2 Factory, Mech 

Get SALT Encoding   

  12  0:03  SCV  
  13  0:15  SCV  
  13  0:19  Supply Depot  
  14  0:27  SCV  
  15  0:40  SCV  
  15  0:42  Barracks  
  16  0:49  Refinery  
  16  0:52  SCV  
  17  1:05  SCV  
  18  1:12  Refinery  
  18  1:17  SCV  
  19  1:31  Supply Depot  
  19  1:33  Marine  
  20  1:51  Marine  
  21  1:54  Factory  
  21  2:01  Orbital Command  
  21  2:10  Factory  
  21  2:13  Barracks Tech Lab  
  21  2:32  Supply Depot, SCV  
  22  2:52  Siege Tank  
  22  2:55  Barracks Reactor  
  25  2:59  SCV  
  26  3:05  Supply Depot  
  26  3:07  Infernal Pre-Igniter  
  26  3:11  SCV  
  27  3:14  Supply Depot  
  27  3:19  Hellion  
  29  3:25  Armory  
  29  3:32  Siege Tank  
  32  3:38  SCV  
  33  3:50  Hellion x2  
  33  3:53  SCV  
  38  4:06  SCV  
  39  4:11  Hellion  
  41  4:18  SCV  
  42  4:27  Thor  
  48  4:32  Hellion  
  48  4:34  SCV  
  51  4:47  SCV  
  51  4:50  Hellion  
  54  4:58  Supply Depot  
  54  5:05  Supply Depot  
  54  5:19  Hellion  
  46  5:29  SCV  
  47  5:52  Thor  
  47  5:53  Hellion x2  
  47  5:55  SCV  
  47  5:57  Thor  
  58  6:12  SCV  
  59  6:24  SCV  
  60  6:33  Hellbat x2  
  60  6:36  SCV  
  65  6:50  Siege Tank  
  68  7:01  Command Center  
  68  7:06  SCV  
  68  7:11  Hellbat  
  70  7:19  Command Center  
  70  7:41  SCV  
  71  7:47  Starport  
  71  8:13  Hellbat, SCV  
  74  8:25  SCV  
  75  8:34  Orbital Command  
  75  8:37  SCV  
  75  8:38  Orbital Command  
  76  8:46  Siege Tank  
  76  8:47  Hellbat x2  
  83  8:49  SCV  
  83  8:53  Viking  
  86  8:57  Terran Vehicle And Ship Armor Level 1  
  86  9:01  SCV  
  86  9:02  Refinery  
  87  9:07  Refinery  
  87  9:13  SCV  
  88  9:20  Supply Depot  
  88  9:23  Supply Depot  
  88  9:24  Supply Depot  
  88  9:25  SCV  
  88  9:26  Supply Depot  
  88  9:27  SCV  
  88  9:29  SCV  
  91  9:38  SCV  
  92  9:41  SCV  
  93  9:46  SCV  
  93  9:50  SCV  
  93  9:52  Thor, Hellion  
  105  9:53  Hellion  
  105  10:03  Starport Tech Lab  
  105  10:04  SCV  
  106  10:09  Armory  
  106  10:13  Starport  
  106  10:16  Starport  
  106  10:18  Hellion x2  
  110  10:25  Factory  
  103  10:34  Thor  
  109  10:37  SCV  
  109  10:40  SCV  
  109  10:41  SCV  
  112  10:49  SCV  
  113  10:52  SCV  
  113  10:54  SCV  
  115  11:01  Starport Reactor  
  115  11:06  Hellbat  
  115  11:07  Hellbat  
  115  11:08  Command Center  
  115  11:10  Starport Reactor  
  119  11:13  Factory Tech Lab  
  119  11:17  Thor  
  125  11:27  Factory  
  125  11:28  Factory  
  125  11:32  Factory  
  125  11:34  Factory  
  125  11:36  Refinery  
  125  11:39  Refinery, SCV  
  126  11:41  Interference Matrix  
  126  11:43  Raven  
  126  11:45  SCV  
  126  11:47  SCV  
  130  11:55  Terran Vehicle And Ship Armor Level 2, Terran Vehicle Weapons Level 1  
  130  12:03  Armory  
  130  12:07  SCV  
  130  12:08  Fusion Core  
  131  12:18  Factory Reactor  
  131  12:20  Factory Reactor, Liberator x2  
  131  12:21  Factory Tech Lab x2  
  137  12:23  SCV  
  138  12:34  Thor, Engineering Bay  
  138  12:36  Hellion x2  
  148  12:54  Terran Ship Weapons Level 1, SCV x2  
  148  12:55  Hellion  
  148  12:57  Raven, Hellion  
  156  13:20  Supply Depot x2  
  156  13:21  Supply Depot  
  156  13:22  Supply Depot  
  156  13:24  Planetary Fortress  
  156  13:40  Supply Depot x2  
  156  13:41  Liberator  
  156  13:42  Hellbat x2, SCV  
  156  13:44  Supply Depot  
  156  13:45  Supply Depot  
  156  13:47  Supply Depot  
  141  14:09  Orbital Command  
  127  14:22  SCV  
  128  14:25  Thor  
  128  14:26  Thor x3  
  128  14:28  Hellion x5  
  128  14:29  Hellion  
  163  14:51  SCV  
  162  14:59  Refinery  
  162  15:01  Refinery  
  162  15:06  Missile Turret, SCV  
  163  15:08  Thor, Missile Turret  
  163  15:10  Missile Turret  
  163  15:12  SCV  
  163  15:13  SCV  
  163  15:14  SCV  
  172  15:16  Refinery  
  172  15:18  SCV  
  173  15:24  Missile Turret  
  173  15:25  SCV  
  174  15:36  SCV  
  174  15:40  SCV  
  176  15:49  SCV  
  177  15:55  SCV  
  178  15:58  Thor  
  178  15:59  Thor x2  
  178  16:00  Hellion  
  178  16:01  Hellion  
  98  16:50  Thor x4  
  98  16:51  Hellion  
  98  16:52  Hellion x5  
  127  17:01  SCV  
  127  17:04  SCV  
  127  17:07  SCV  
  126  17:13  Hellion  
  98  17:31  Orbital Command  
  98  17:33  Thor x3  
  98  17:34  Hellion  
  98  17:35  Hellion x2  
  122  17:38  SCV  
  122  17:40  Liberator  
  122  17:43  Liberator  
  129  17:44  Raven  
  129  17:45  SCV  
  132  18:09  SCV  
  113  18:48  Hyperflight Rotors, SCV  
  114  18:50  Command Center  
  111  19:42  SCV  
  112  19:52  Thor x4  
  136  19:54  Hellion x6  
  128  20:15  Orbital Command  
  96  20:34  Thor  
  96  20:41  SCV x2  
  98  20:57  Planetary Fortress  
  98  21:00  Missile Turret  
  98  21:08  Command Center  
  98  21:20  Advanced Ballistics  
  98  21:23  Terran Vehicle Weapons Level 2, Terran Ship Weapons Level 2  
  98  21:25  SCV  
  99  21:35  Refinery  
  99  21:36  Refinery  
  99  21:46  Thor  
  104  21:48  Hellion x5  
  104  21:49  Hellion x2  
  117  22:04  SCV  
  61  22:39  SCV  
  61  22:45  SCV  
  62  22:51  Thor  
  62  22:52  Thor x2  
  62  22:53  Hellion x2  
  62  22:54  Hellion x3  
  65  23:32  Thor  
  65  23:34  Hellion, Hellbat x3  
  64  23:39  SCV  
  50  23:50  Orbital Command  
  30  24:07  SCV  
  31  24:11  SCV  
  31  24:15  SCV  
  33  24:20  SCV  
  34  24:30  SCV  
  35  24:44  Siege Tank x2  
  43  24:46  Hellbat x4  
  49  25:02  SCV  
Tags
 
Composition
Mech
Matchup
TvZ
Replay Pack
Myownreplay2
Spawn Locations
Cross Positions
Add a new tag
Caveats
  • Supply blocks, unpowered buildings, or Contaminate may cause inaccurate times.
  • Supply counts are checked every 10 seconds.